 Dungeon Crawl Stone Soup version 0.18-a0-1778-gadce9fa (webtiles) character file.

11167 dobroeutro the Fighter (level 11, 0/73 HPs)
             Began as a Gargoyle Fighter on Apr 16, 2016.
             Was a High Priest of Okawaru.
             Slain by Rupert
             ... wielding a +1 great sword of draining
              (9 damage)
             ... on level 13 of the Dungeon.
             The game lasted 00:26:22 (12231 turns).

dobroeutro the Fighter (Gargoyle Fighter)          Turns: 12231, Time: 00:26:23

Health: 0/73       AC: 23    Str: 23    XL:     11   Next: 73%
Magic:  11/11      EV: 10    Int: 12    God:    Okawaru [*****.]
Gold:   867        SH:  0    Dex: 11    Spells: 0 memorised, 10 levels left

rFire  + . .     SeeInvis .     y - +4 flail (crush)
rCold  . . .     Gourm    .     b - +0 scale mail
rNeg   + . .     Faith    .     (no shield)
rPois  ∞         Spirit   .     (helmet restricted)
rElec  +         Dismiss  .     j - +0 cloak
rCorr  .         Reflect  .     m - +0 pair of gloves
SustAt .         Harm     .     D - +2 pair of boots
MR     .....                    (no amulet)
Stlth  ..........               J - ring of protection from fire
                                L - +3 ring of intelligence

@: not resistant to hostile enchantments, extremely unstealthy
A: horns 1, icy blue scales 1, thin skeletal structure 1, negative energy
resistance 1, electricity resistance, unbreathing, petrification resistance, rot
immunity, AC +7
a: Heroism, Finesse, Renounce Religion


You were on level 13 of the Dungeon.
You worshipped Okawaru.
Okawaru was extremely pleased with you.
You were very hungry.

You visited 2 branches of the dungeon, and saw 13 of its levels.
You also visited: Bailey.

You collected 867 gold pieces.

Inventory:

Hand Weapons
 y - a +4 flail of crushing (weapon)
 I - the +6 lajatang "Kuiskaxt" {slice, *Drain rElec rN+++ Int+4, unknown}
   (Okawaru gifted it to you on level 13 of the Dungeon)

   It inflicts extra damage upon your enemies.
   It affects your intelligence (+4).
   It insulates you from electricity.
   It renders you almost immune to negative energy.
   It causes draining when unequipped.
Armour
 b - a +0 scale mail (worn)
 c - a +1 shield
 j - a +0 cloak (worn)
 m - a +0 pair of gloves (worn)
 D - a +2 pair of boots (worn)
Jewellery
 u - an uncursed ring of ice
 J - a ring of protection from fire (right hand)
 L - a +3 ring of intelligence (left hand)
Wands
 z - a wand of polymorph (14/24)
 F - a wand of flame (20/48)
 H - a wand of confusion (5/48)
 N - a wand of teleportation (6/9)
Scrolls
 a - 2 scrolls of recharging
 e - 17 scrolls of identify {unknown}
 h - a scroll of fog
 i - 5 scrolls of teleportation
 o - 2 scrolls of immolation
 r - 2 scrolls of remove curse
 s - 2 scrolls of enchant armour
 w - 2 scrolls of enchant weapon
 E - 3 scrolls of fear
Potions
 d - a potion of might
 k - a potion of berserk rage {unknown}
 n - a potion of flight {unknown}
 p - a potion of lignification {unknown}
 t - 2 potions of agility {unknown}
 v - 2 potions of brilliance {unknown}
 A - 4 potions of curing
 B - 4 potions of degeneration {unknown}
 G - a potion of mutation {unknown}
Books
 M - a Fen Folio

   Spells                             Type                      Level
   a - Corpse Rot                     Necromancy                   2
   b - Stone Arrow                    Conjuration/Earth            3
   c - Leda's Liquefaction            Hexes/Earth                  4
   d - Summon Forest                  Summoning/Translocation      5
   e - Hydra Form                     Transmutation                6
   f - Summon Hydra                   Summoning                    7
Comestibles
 f - 9 bread rations
 g - 7 fruits
 l - 7 meat rations
 x - 2 royal jellies
 C - 10 beef jerkies


   Skills:
 + Level 10.8 Fighting
 + Level 9.3 Maces & Flails
 + Level 10.4 Armour
 + Level 10.4 Shields


You had 10 spell levels left.
You didn't know any spells.

Dungeon Overview and Level Annotations

Branches:
Dungeon (11/15)            Temple (1/1) D:5            Lair (0/8) D:10
    Orc: D:9-12

Altars:
Ashenzari
Cheibriados
Dithmenos
Elyvilon
Fedhas
Kikubaaqudgha
Makhleb
Nemelex Xobeh
Okawaru
Qazlal
Ru
Sif Muna
Trog
Vehumet
Yredelemnul
Zin

Shops:
D:8 =

Annotations:
D:8 kak's ghost, novice TrMo
D:10 Sonja
D:13 Rupert


Innate Abilities, Weirdness & Mutations

You are resistant to torment.
Your stone body is resilient (AC +7).
You are immune to poison.
You resist negative energy.
You are resistant to electric shocks.
You can survive without breathing.
You are immune to petrification.
You are immune to rotting.
You have a pair of small horns on your head.
You are partially covered in icy blue scales (AC +1).
You have a somewhat thin skeletal structure (Dex +2, Stealth).


Message History

You are feeling very hungry.
The phantom blinks!
Found a stone staircase leading down.
Rupert looks more energetic.
The human hits you but does no damage. 2 humans come into view.
A human comes into view.
There is an open door here.
There is an open door here.
The human barely misses you.
Rupert roars madly and goes into a rage!
Rupert goes berserk!
You see here 19 gold pieces.
You hear a shout! x3
Rupert completely misses you.
The skeletal warrior hits you from afar with a halberd.
* * * LOW HITPOINT WARNING * * *
The phantom blinks!
Rupert hits you with a great sword of draining!
You die...

........#.p.................†.#
..p.....#.....................#
........#'#################...#
..........p....... #...#
.......W.......## #...#
........p....pc# #####
........p§$p.zp#
......#'#'####@#
....W.#......#@#
......#......#........ .....
#......#........ .>...
########..####.. ###. ...# ...#
...# ....#


You could see Rupert (berserk), a skeletal warrior, a centaur warrior and 3
humans.

Vanquished Creatures
  Erolcha (D:9)
  A hill giant (D:10)
  2 ugly things
  Joseph (D:7)
  Maurice (D:9)
  A two-headed ogre (D:8)
  A wyvern (D:9)
  9 yaks
  A wraith (D:11)
  2 humans (D:13)
  A steam dragon (D:11)
  3 hippogriffs
  Edmund (D:4)
  Menkaure (D:5)
  Duvessa (D:4)
  2 sky beasts (D:9)
  4 ice beasts
  An orc warrior (D:8)
  2 phantoms (D:4)
  2 black bears
  6 ogres
  4 centaurs
  2 crocodiles
  A big kobold (D:10)
  2 giant frogs
  8 gnoll sergeants (Bailey)
  Dowan (D:4)
  4 killer bees (D:7)
  3 scorpions
  4 howler monkeys
  6 crimson imps
  2 centaur zombies
  4 quasits
  11 hounds
  2 jellies (D:5)
  5 orc priests
  12 orc wizards
  2 giant frog skeletons
  7 gnoll shamans
  3 iguanas
  Natasha (D:3)
  6 worker ants
  Terence (D:2)
  2 hound skeletons
  2 worker ant zombies
  32 gnolls
  11 adders
  3 oozes
  2 adder zombies
  5 adder skeletons
  2 worms
  2 dart slugs
  6 giant geckos
  24 orcs
  11 bats
  4 giant cockroaches
  11 goblins
  5 hobgoblins
  9 jackals
  17 kobolds
  5 quokkas
  2 ball pythons (D:2)
  4 giant newts
  A quokka zombie (D:7)
  6 rats
301 creatures vanquished.

Notes
Turn   | Place    | Note
--------------------------------------------------------------
     0 | D:1      | dobroeutro the Gargoyle Fighter began the quest for the Orb.
     0 | D:1      | Reached XP level 1. HP: 14/14 MP: 1/1
    66 | D:1      | Reached XP level 2. HP: 9/19 MP: 2/2
   581 | D:1      | Reached XP level 3. HP: 23/24 MP: 3/3
  1155 | D:2      | Found a sparkling altar of Nemelex Xobeh.
  1365 | D:2      | Reached XP level 4. HP: 24/29 MP: 4/4
  1997 | D:2      | Reached XP level 5. HP: 32/34 MP: 5/5
  2023 | D:3      | Noticed Terence
  2039 | D:2      | Killed Terence
  2321 | D:3      | Found a snail-covered altar of Cheibriados.
  2436 | D:3      | Noticed Natasha
  2721 | D:3      | Killed Natasha
  2721 | D:3      | Reached XP level 6. HP: 32/39 MP: 6/6
  2983 | D:3      | Found a bloodstained altar of Trog.
  3185 | D:4      | Found a blossoming altar of Fedhas.
  3202 | D:4      | Reached skill level 5 in Fighting
  3205 | D:4      | Noticed Duvessa
  3208 | D:4      | Noticed Dowan
  3223 | D:4      | Killed Duvessa
  3223 | D:4      | Reached skill level 5 in Armour
  3223 | D:4      | Reached XP level 7. HP: 44/44 MP: 7/7
  3230 | D:4      | Killed Dowan
  3230 | D:4      | Reached skill level 5 in Shields
  3251 | D:4      | HP: 2/44 [orc/hand axe (1)]
  3886 | D:4      | Found a shadowy altar of Dithmenos.
  4034 | D:5      | Entered Level 5 of the Dungeon
  4202 | D:5      | Noticed Edmund
  4215 | D:4      | Killed Edmund
  4215 | D:4      | Reached XP level 8. HP: 31/51 MP: 8/8
  4489 | D:4      | Reached skill level 5 in Maces & Flails
  4906 | D:5      | Noticed Menkaure
  4913 | D:5      | Killed Menkaure
  4917 | D:5      | Found a deep blue altar of Sif Muna.
  4976 | D:5      | Found a staircase to the Ecumenical Temple.
  5001 | Temple   | Entered the Ecumenical Temple
  5014 | Temple   | Became a worshipper of Warmaster Okawaru
  5331 | D:6      | Reached XP level 9. HP: 52/57 MP: 9/9
  5547 | D:6      | Got an ebony scythe
  5553 | D:6      | Identified the cursed +1 scythe of Brutal Revenge {drain, rPois Int+2 Dex+7} (You found it on level 6 of the Dungeon)
  5827 | D:7      | Noticed Joseph
  5845 | D:7      | Killed Joseph
  5845 | D:7      | Reached * piety under Okawaru
  6791 | D:8      | Found a glowing silver altar of Zin.
  6791 | D:8      | Found a basalt altar of Yredelemnul.
  6862 | D:8      | Noticed kak's ghost (novice TrMo)
  7357 | D:8      | Found Wiesucs's Jewellery Emporium.
  7446 | D:8      | Reached ** piety under Okawaru
  7446 | D:8      | Reached XP level 10. HP: 11/65 MP: 10/10
  8292 | D:9      | Reached *** piety under Okawaru
  8764 | D:9      | Noticed Maurice
  8765 | D:9      | Noticed Erolcha
  8783 | D:9      | Killed Erolcha
  8783 | D:9      | Reached **** piety under Okawaru
  9124 | D:9      | Gained mutation: You have a pair of small horns on your head. [mutagenic meat]
  9125 | D:9      | Gained mutation: You have a somewhat thin skeletal structure (Dex +2, Stealth). [mutagenic meat]
  9126 | D:9      | Gained mutation: You are partially covered in icy blue scales (AC +1). [mutagenic meat]
  9280 | D:9      | Killed Maurice
  9280 | D:9      | Reached XP level 11. HP: 71/72 MP: 11/11
  9408 | D:10     | Entered Level 10 of the Dungeon
  9408 | D:10     | Noticed Sonja
  9495 | D:10     | Found a staircase to the Lair.
  9550 | D:10     | Reached skill level 10 in Fighting
  9615 | D:10     | Noticed a hill giant
  9628 | D:10     | Killed a hill giant
  9636 | D:10     | Reached ***** piety under Okawaru
  9679 | D:10     | Found a flagged portal.
  9687 | Bailey   | Entered a bailey
 10045 | Bailey   | Reached skill level 10 in Shields
 11131 | D:10     | Reached skill level 10 in Armour
 11987 | D:11     | Noticed a green ugly thing
 11996 | D:11     | Killed a green ugly thing
 12038 | D:11     | You fall through a shaft for 2 floors!
 12130 | D:13     | Noticed a green ugly thing
 12137 | D:13     | Noticed Rupert
 12137 | D:13     | Noticed a skeletal warrior
 12140 | D:13     | Noticed a centaur warrior
 12170 | D:13     | Killed a green ugly thing
 12170 | D:13     | Received a gift from Okawaru
 12171 | D:13     | Got a smoking lajatang {god gift}
 12206 | D:13     | HP: 1/73 [Rupert/great sword of draining (24)]
 12231 | D:13     | Slain by Rupert

Vault maps used:
D:1:      eino_arrival_tree_alley
D:2:      nemelex_xobeh_ov_fountains_minmay, first_bread, dk_noncrumbling_4
D:3:      lemuel_doored_altar, marbit_many_paths, grunt_decor_clamped,
          uniq_natasha, uniq_terence
D:4:      kennysheep_mini, grunt_dithmenos_shadows, uniq_duvessa
D:5:      lemuel_blue_sif_altar, minmay_temple_entry_metal_lava, uniq_edmund,
          uniq_menkaure
D:6:      lemuel_upstairs_altar
D:7:      grunt_ogre_cave, uniq_joseph
D:8:      minmay_flawed_box, gammafunk_temple_overflow_elements, serial_shops,
          shop
D:9:      uniq_erolcha, uniq_maurice
D:10:     dpeg_oklobed_lair, enter_bailey_3, kennysheep_small_circle, uniq_sonja
D:11:     serial_shops, nicolae_shop_stone
D:13:     david_vaults_3, uniq_nessos
Temple:   zaba_magenta_temple_12
Bailey:   bailey_polearm_gnolls_kennysheep, bailey

Skill      XL: |  1  2  3  4  5  6  7  8  9 10 11 |
---------------+----------------------------------+-----
Fighting       | 4 5 7 8 9 10 | 10.8
Shields        | 4 5 6 8 9 10 | 10.4
Maces & Flails | 3 4 5 7 8 9 |  9.3
Armour         | 4 5 6 8 9 10 | 10.4

Action                   |  1- 3 |  4- 6 |  7- 9 | 10-12 || total
-------------------------+-------+-------+-------+-------++-------
Melee: Flail             |   187 |   218 |   234 |   564 ||  1203
       Scythe            |       |       |   235 |       ||   235
       Headbutt          |       |       |       |    78 ||    78
       Punch             |       |       |       |     2 ||     2
Invok: Heroism           |       |       |       |     1 ||     1
  Use: Scroll            |       |       |     4 |     7 ||    11
       Potion            |       |       |       |     4 ||     4
  Eat: Chunk             |     1 |     6 |    15 |    17 ||    39
       Fruit             |       |     1 |       |       ||     1
       Pizza             |       |       |       |     1 ||     1
Armor: Scale mail        |   128 |   180 |   528 |   520 ||  1356
Dodge: Dodged            |    77 |   109 |   388 |   449 ||  1023
Block: Shield            |   101 |   204 |   119 |       ||   424
